 Dungeon Crawl Stone Soup version 0.18.1-50-g88ac8fd (webtiles) character file.

73 KarmaPolice the Ducker (level 4, -6/30 HPs)
             Began as a High Elf Gladiator on Oct 4, 2016.
             Was a Follower of Sif Muna.
             Mangled by KarmaPolice's ghost (14 damage)
             ... on level 3 of the Dungeon.
             The game lasted 00:12:41 (3118 turns).

KarmaPolice the Ducker (High Elf Gladiator)         Turns: 3118, Time: 00:12:41

Health: -6/30      AC:  4    Str: 14    XL:     4   Next: 8%
Magic:  5/5        EV: 14    Int: 11    God:    Sif Muna [*.....]
Gold:   146        SH:  0    Dex: 17    Spells: 0 memorised, 3 levels left

rFire  . . .     SeeInvis .     a - +0 rapier
rCold  . . .     Gourm    .     b - +0 leather armour
rNeg   . . .     Faith    .     (no shield)
rPois  .         Spirit   .     c - +0 helmet
rElec  .         Dismiss  .     (no cloak)
rCorr  .         Reflect  .     (no gloves)
SustAt .         Harm     .     (no boots)
MR     .....                    (no amulet)
Stlth  +.........               (no ring)
                                (no ring)

@: not resistant to hostile enchantments, very unstealthy
A: no striking features
a: Channel Energy, Renounce Religion


You were on level 3 of the Dungeon.
You worshipped Sif Muna.
Sif Muna was aware of your devotion.
You were hungry.

You visited 1 branch of the dungeon, and saw 3 of its levels.

You collected 146 gold pieces.

Inventory:

Hand Weapons
 a - a +0 rapier (weapon)
 i - a +0 dagger
 j - a +0 short sword
 t - a +0 whip
 u - a +0 spear
 w - a +0 dagger
 y - a +0 trident
 A - a +0 quarterstaff
 D - a cursed -2 spear
 E - a +0 broad axe
Missiles
 d - 3 throwing nets (quivered)
 e - 23 bolts
 p - 35 arrows
 v - 42 stones
Armour
 b - a +0 leather armour (worn)
 c - a +0 helmet (worn)
Jewellery
 m - an uncursed ring of wizardry {unknown}
Scrolls
 f - a scroll of amnesia {unknown}
 k - 3 scrolls of identify {unknown}
 l - 4 scrolls of remove curse {unknown}
 s - a scroll of blinking {unknown}
Potions
 g - a potion of ambrosia {unknown}
 h - a potion of agility {unknown}
 o - a potion of resistance {unknown}
 q - a potion of invisibility {unknown}
 x - a potion of flight {unknown}
 z - a potion of curing {unknown}
Comestibles
 n - 2 fruits
 r - a beef jerky
 B - a meat ration
 C - a slice of pizza


   Skills:
 * Level 2.4 Fighting
 + Level 4.1 Short Blades
 + Level 2.1 Throwing
 + Level 1.2 Armour
 * Level 4.2 Dodging
 + Level 0.5 Stealth


You had 3 spell levels left.
You didn't know any spells.

Dungeon Overview and Level Annotations

Branches:
Dungeon (3/15)

Altars:
Sif Muna

Annotations:
D:3 KarmaPolice's ghost, amateur DDFi


Message History

The rat bites you. KarmaPolice's ghost barely misses you.
You hit KarmaPolice's ghost but do no damage.
KarmaPolice's ghost is lightly damaged.
The rat closely misses you. KarmaPolice's ghost closely misses you.
You hit KarmaPolice's ghost but do no damage.
KarmaPolice's ghost is lightly damaged.
The rat bites you but does no damage. KarmaPolice's ghost hits you.
* * * LOW HITPOINT WARNING * * *
You hit KarmaPolice's ghost but do no damage.
KarmaPolice's ghost is lightly damaged.
The rat closely misses you. KarmaPolice's ghost barely misses you.
KarmaPolice's ghost barely misses you.
A kobold comes into view.
The rat misses you. The rat closely misses you.
You hit the rat.
You kill the rat!
KarmaPolice's ghost screams, "I'll kill anyone who wants the ORB!"
KarmaPolice's ghost hits you!
You die...

#..#.# #†##.# #.##.#
#.##.# #.##.# #.##.#
#.##.# #.##.# #.##@#
#.##W##############.
#<##....K...........
#.##########........
#.# #.####### #.#
#.# #.# .#K #.# # #
#.#


You could see KarmaPolice's ghost.

Vanquished Creatures
  2 adders (D:2)
  2 worms (D:2)
  2 dart slugs
  A giant gecko (D:3)
  5 giant cockroaches
  4 goblins
  7 hobgoblins
  4 jackals (D:2)
  5 kobolds
  3 bats
  2 giant newts (D:1)
  6 rats
43 creatures vanquished.

Notes
Turn   | Place    | Note
--------------------------------------------------------------
     0 | D:1      | KarmaPolice the High Elf Gladiator began the quest for the Orb.
     0 | D:1      | Reached XP level 1. HP: 14/14 MP: 2/2
   657 | D:1      | Reached XP level 2. HP: 16/19 MP: 3/3
  1861 | D:2      | Reached XP level 3. HP: 22/24 MP: 4/4
  2172 | D:2      | Reached skill level 1 in Armour
  2850 | D:2      | Found a faded altar to an unknown god.
  2925 | D:2      | Became a worshipper of Sif Muna the Loreminder
  2925 | D:2      | Reached * piety under Sif Muna
  2943 | D:2      | Reached XP level 4. HP: 26/30 MP: 5/5
  3092 | D:3      | Noticed KarmaPolice's ghost (amateur DDFi)
  3118 | D:3      | Mangled by KarmaPolice's ghost

Skill      XL: |  1  2  3 |
---------------+----------+-----
Short Blades   | 4 |  4.1
Dodging        | 4 |  4.2
Armour         | 1 |  1.2
Fighting       | |  2.4
Throwing       | |  2.1
Stealth        | |  0.5

Action                   |  1- 3 |  4- 6 || total
-------------------------+-------+-------++-------
Melee: Rapier            |   175 |    27 ||   202
 Stab: Sleeping          |     1 |       ||     1
  Eat: Royal jelly       |     1 |       ||     1
       Bread ration      |     1 |       ||     1
Armor: Leather armour    |    46 |     6 ||    52
Dodge: Dodged            |   122 |    24 ||   146
